 Seeded DCSS version 0.31-a0-358-gac0dbeb3ab (webtiles) character file.

Game seed: 14215367866634240820 (custom seed)

2271 innerfire43 the Cleaver (level 9, -9/72 HPs)
             Began as a Demonspawn Monk on July 20, 2023.
             Was a Believer of Qazlal.
             Mangled by a yak (14 damage)
             ... on level 7 of the Dungeon on July 25, 2023.
             The game lasted 00:08:08 (4894 turns).

innerfire43 the Cleaver (Demonspawn Monk)           Turns: 4894, Time: 00:08:08

Health: -9/72      AC:  3    Str: 16    XL:     9   Next: 16%
Magic:  9/9        EV: 15    Int: 11    God:    Qazlal [**....]
Gold:   336        SH: 10    Dex: 16    Spells: 8/8 levels left

rFire   . . .        o - +0 war axe
rCold   . . .        d - orb {light}
rNeg    + + .        b - +0 robe
rPois   .            (helmet restricted)
rElec   .            (no cloak)
rCorr   +            (no gloves)
SInv    +            l - +0 pair of boots
Will    +....        m - amulet "Ycwir" {Fragile rN++ Will+ Regen+ SInv}
Stlth   +            u - ring of resist corrosion
HPRegen 1.12/turn    (no ring)
MPRegen 0.11/turn

%: no passive effects
@: glowing
A: horns 1, large bone plates 1, demonic guardian 2, condensation shield
a: Renounce Religion, Upheaval


You were on level 7 of the Dungeon.
You worshipped Qazlal.
Qazlal was pleased with you.
You visited 2 branches of the dungeon, and saw 8 of its levels.
You also visited: Sewer.

You collected 336 gold pieces.

Inventory:

Hand Weapons
 a - a +0 hand axe
 o - a +0 war axe (weapon)
Missiles
 g - 5 silver javelins (quivered)
Armour
 b - a +0 robe (worn)
 d - an orb of light (worn)
 j - a +2 helmet
 l - a +0 pair of boots (worn)
Jewellery
 m - the amulet "Ycwir" (around neck) {Fragile rN++ Will+ Regen+ SInv}
   (You acquired it on level 4 of the Dungeon)

   [amulet of regeneration]

   rN:        It greatly protects you from negative energy.
   SInv:      It lets you see invisible.
   Regen:     It increases your rate of health regeneration.
   Fragile:   It will be destroyed if unequipped.
   Will:      It increases your willpower.
 u - a ring of resist corrosion (left hand)
 x - a ring of see invisible
 G - a ring of flight
Talismans
 F - a serpent talisman
Wands
 q - a wand of roots (19)
 r - a wand of mindburst (19)
 s - a wand of polymorph (13)
 z - a wand of paralysis (13)
 D - a wand of quicksilver (17)
Scrolls
 c - 2 scrolls of fog {unknown}
 e - 2 scrolls of enchant weapon {unknown}
 f - 4 scrolls of enchant armour {unknown}
 i - a scroll of amnesia {unknown}
 k - 6 scrolls of identify {unknown}
 w - a scroll of blinking {unknown}
 y - a scroll of fear {unknown}
 A - a scroll of summoning {unknown}
 B - 2 scrolls of vulnerability {unknown}
Potions
 n - 4 potions of curing
 p - a potion of berserk rage {unknown}
 t - a potion of lignification {unknown}
 v - a potion of degeneration {unknown}
 C - a potion of haste {unknown}
 E - a potion of attraction {unknown}


   Skills:
 + Level 7.0 Fighting
 * Level 8.1 Axes
 + Level 6.4 Dodging


You had 8 spell levels left.
You didn't know any spells.
Your spell library contained the following spells:

 Spells                   Type           Power      Damage    Failure   Level
 Apportation              Tloc           0%         N/A       34%         1
 Necrotise                Necr           0%         1d4       34%         1
 Sandblast                Erth           0%         2d4       34%         1
 Summon Small Mammal      Summ           0%         N/A       34%         1
 Passwall                 Tmut/Erth      0%         N/A       47%         2
 Sublimation of Blood     Necr           0%         N/A       47%         2
 Gell's Gravitas          Tloc           0%         N/A       71%         3
 Stone Arrow              Conj/Erth      0%         3d7       71%         3
 Teleport Other           Tloc           0%         N/A       71%         3
 Petrify                  Tmut/Erth      0%         N/A       98%         4
 Irradiate                Conj/Tmut      0%         3d11      100%        5
 Dispersal                Tloc           0%         N/A       100%        6


Dungeon Overview and Level Annotations

Branches:
Dungeon (7/15)             Temple (1/1) D:7           Sewer (visited)

Altars:
Ashenzari
Cheibriados
Dithmenos
Fedhas
Gozag
Hepliaklqana
Makhleb
Okawaru
Qazlal
Sif Muna
Trog
Vehumet
Wu Jian
Xom

Shops:
D:4 [   D:5 *


Innate Abilities, Weirdness & Mutations

You have a pair of small horns on your head.
You are partially covered in large bone plates. (SH +4)
A demonic guardian rushes to your aid.
A meltable shield of frost defends you. (SH +4)


Message History

You headbutt the wight, but do no damage.
The wight is almost destroyed.
The wight closely misses you.
You slash the wight!
You destroy the wight!
Qazlal accepts your kill.
Your life force feels restored.
You hit the yak. Your headbutt misses the yak.
The yak is lightly wounded.
The yak gores you!
* * * LOW HITPOINT WARNING * * *
You hit the yak but do no damage.
The yak is lightly wounded.
You block the yak's attack.
You hit the yak but do no damage. Your headbutt misses the yak.
The yak is lightly wounded.
You block the yak's attack.
Unknown command.
You hit the yak but do no damage. You headbutt the yak.
The yak is lightly wounded.
The yak closely misses you.
You hit the yak. You headbutt the yak.
The yak is moderately wounded.
You block the yak's attack.
You hit the yak.
The yak is heavily wounded.
Your hellwing disappears in a puff of smoke!
The yak gores you.
* * * LOW HITPOINT WARNING * * *
A demonic guardian appears!
You hit the yak but do no damage.
The yak is heavily wounded.
The yak gores you!
* * * LOW HITPOINT WARNING * * *
Your orange demon stings the yak but does no damage.
You slash the yak!
The yak is heavily wounded.
Your icy envelope is restored.
The yak gores you!
You die...

#####....#
..)......#
######.#.## .
#.#..# .. ####'###
... #.....# ....
#.⌠.⌠.##### .....
+..>..'..4##Y.....
#.⌠.⌠.###.@YYz....
#.....# ####YY....
###'### .....
#[[.# .... ##.##
... .# .. .# . .#
.#


You could see 5 yaks, a wight and a friendly orange demon (summoned).

Vanquished Creatures
  A steam dragon (D:7)
  A water moccasin (D:5)
  Pargi (Sewer)
  A sky beast (D:5)
  3 black bears
  A phantom (D:5)
  3 scorpions
  3 wights (D:7)
  Dowan (D:7)
  4 hounds
  An orc priest (D:3)
  2 iguanas
  Ijyb (D:4)
  An orc wizard (D:6)
  2 gnolls (D:2)
  4 adders
  A white imp (D:6)
  2 worms
  2 dart slugs
  12 orcs
  10 ball pythons
  9 endoplasms
  7 giant cockroaches
  8 goblins
  6 hobgoblins
  6 jackals (D:1)
  8 kobolds
  7 quokkas
  5 bats
  6 frilled lizards
  4 rats
123 creatures vanquished.

Vanquished Creatures (collateral kills)
  Pikel (D:7)
  Duvessa (D:7)
  A wight (D:7)
  Terence (D:3)
  An iguana (D:6)
  2 gnolls (D:2)
  An endoplasm (D:1)
  A giant cockroach (D:4)
  3 quokkas (D:4)
  A goblin (D:4)
13 creatures vanquished.

Grand Total: 136 creatures vanquished

Notes
Turn   | Place    | Note
-------+----------+-------------------------------------------
     0 | D:1      | innerfire43 the Demonspawn Monk began the quest for the
                  | Orb.
     0 | D:1      | Reached XP level 1. HP: 18/18 MP: 1/1
     0 | D:1      | Upgraded the game from 0.31-a0-339-gda1cbd555d to
                  | 0.31-a0-358-gac0dbeb3ab
    56 | D:1      | Gained mutation: A weak demonic guardian rushes to your
                  | aid. [demonic ancestry]
    56 | D:1      | Reached XP level 2. HP: 24/24 MP: 2/2
   217 | D:1      | Reached skill level 3 in Axes
   472 | D:1      | Reached XP level 3. HP: 26/29 MP: 3/3
  1096 | D:2      | Gained mutation: A demonic guardian rushes to your aid.
                  | [demonic ancestry]
  1096 | D:2      | Reached XP level 4. HP: 16/37 MP: 4/4
  1637 | D:3      | Noticed Terence
  1652 | D:3      | Killed Terence
  1653 | D:3      | Reached XP level 5. HP: 27/42 MP: 5/5
  2455 | D:4      | Identified a scroll of acquirement
  2455 | D:4      | Acquired the amulet "Ycwir" {Fragile rN++ Will+ Regen+
                  | SInv}
  2557 | D:4      | Noticed a black bear
  2568 | D:4      | Killed a black bear
  2569 | D:4      | Reached skill level 4 in Axes
  2569 | D:4      | Reached XP level 6. HP: 46/49 MP: 6/6
  2659 | D:4      | Noticed Ijyb
  2666 | D:4      | Killed Ijyb
  2981 | D:4      | Found a glowing drain.
  2990 | Sewer    | Entered a sewer
  3027 | Sewer    | Noticed Pargi
  3039 | Sewer    | Killed Pargi
  3187 | D:4      | Found Junwutirr's Armour Shoppe.
  3330 | D:4      | Reached skill level 5 in Fighting
  3330 | D:4      | Reached skill level 5 in Axes
  3330 | D:4      | Gained mutation: A meltable shield of frost defends you.
                  | (SH +4) [demonic ancestry]
  3330 | D:4      | Reached XP level 7. HP: 44/56 MP: 7/7
  3471 | D:5      | Entered Level 5 of the Dungeon
  3621 | D:5      | Reached skill level 5 in Dodging
  4072 | D:5      | Reached skill level 6 in Axes
  4156 | D:5      | Gained mutation: You are partially covered in large bone
                  | plates. (SH +4) [demonic ancestry]
  4156 | D:5      | Reached XP level 8. HP: 60/64 MP: 8/8
  4209 | D:5      | Found Ucuimn's Serpentskin Sales.
  4439 | D:6      | Identified the +1 long sword "Demon's Foe" {pain, *Slow
                  | rPois Str-4 Int+5}
  4717 | D:7      | Noticed Pikel
  4732 | D:7      | Killed Pikel
  4733 | D:7      | Reached skill level 7 in Axes
  4755 | D:7      | Found a staircase to the Ecumenical Temple.
  4763 | D:7      | Noticed Dowan
  4763 | D:7      | Noticed Duvessa
  4773 | D:7      | Killed Dowan
  4792 | D:7      | Killed Duvessa
  4796 | Temple   | Entered the Ecumenical Temple
  4821 | Temple   | Became a worshipper of Qazlal Stormbringer
  4821 | Temple   | Reached * piety under Qazlal
  4821 | Temple   | Reached ** piety under Qazlal
  4861 | D:7      | Gained mutation: You have a pair of small horns on your
                  | head. [demonic ancestry]
  4861 | D:7      | Reached XP level 9. HP: 68/71 MP: 9/9
  4870 | D:7      | Reached skill level 8 in Axes
  4880 | D:7      | HP: 3/71 [wight/+5 trident (11)]
  4893 | D:7      | HP: 3/72 [yak (10)]
  4894 | D:7      | Mangled by a yak

Illustrated notes

Levels and vault maps discovered:
D:1:      dpeg_arrival_castle, layout_basic, serial_forest,
          infiniplex_forest_straight_2, infiniplex_forest_straight_3,
          infiniplex_forest_clump_double, infiniplex_forest_lined_1,
          infiniplex_forest_clump_small, infiniplex_forest_straight_2,
          infiniplex_forest_lined_3_way
D:2:      layout_rooms
D:3:      layout_basic, general_overflow_altar, uniq_terence
D:4:      minmay_chambers_of_fours, layout_loops_ring, gup_sewer_entry_pipe,
          serial_shops, shop, uniq_ijyb
D:5:      layout_basic, guppyfry_shop_venom
D:6:      layout_rooms
D:7:      layout_rooms, minmay_temple_entry_hall, serial_shops,
          nicolae_shop_overgrown_old_shop, uniq_pikel, uniq_maggie, uniq_duvessa
Temple:   nicolae_temple_elliptical

Skill      XL: |  1  2  3  4  5  6  7  8  9 |
---------------+----------------------------+-----
Dodging        | 3 4 5 6 |  6.4
Axes           | 3 4 5 6 7 8 |  8.1
Fighting       | 4 5 6 7 |  7.0

Action                     |  1- 3 |  4- 6 |  7- 9 || total
---------------------------+-------+-------+-------++-------
  Melee: Hand axe          |    84 |    66 |       ||   150
         War axe           |       |   104 |   181 ||   285
         Headbutt          |       |       |    10 ||    10
  Throw: Javelin           |     3 |     1 |       ||     4
    Use: Potion            |     1 |     1 |     1 ||     3
         Scroll            |       |     4 |       ||     4
   Stab: Sleeping          |     1 |       |       ||     1
 Armour: Robe              |    20 |    54 |    37 ||   111
  Dodge: Dodged            |    94 |   152 |   123 ||   369
  Block: Orb               |       |       |    43 ||    43

Table legend: (Time is in decaauts)
 A = Elapsed time spent in this place.
 B = Non-inter-level travel time spent in this place.
 C = Inter-level travel time spent in this place.
 D = Time resting spent in this place.
 E = Time spent auto-exploring this place.
 F = Levels seen in this place.
 G = Mean time per level.
                   A        B        C        D        E       F      G
               +--------+--------+--------+--------+--------+-----+--------+
         Total |   4989 |   4852 |    137 |      0 |   3739 |   9 |  554.3 |
       Dungeon |   4792 |   4655 |    137 |      0 |   3642 |   7 |  684.6 |
        Temple |     41 |     41 |      0 |      0 |      0 |   1 |   41.0 |
         Sewer |    155 |    155 |      0 |      0 |     97 |   1 |  155.0 |
               +--------+--------+--------+--------+--------+-----+--------+

Top non-repeatable levels by time:
     D:1: 1012 daAuts
     D:4: 894 daAuts
     D:3: 892 daAuts
     D:5: 827 daAuts
     D:2: 583 daAuts
     D:6: 425 daAuts
     D:7: 156 daAuts
   Sewer: 155 daAuts
  Temple: 41 daAuts
